 Dungeon Crawl Stone Soup version 0.24-b1-44-g37ad8b309f (webtiles) character file.

Game seed: 4217928541184479879, levelgen mode: deterministic

4429 Ruokin the Carver (level 10, -7/80 HPs)
             Began as a Human Berserker on Oct 24, 2019.
             Was an Elder of Trog.
             Mangled by Emblim88's ghost (20 damage)
             ... on level 8 of the Dungeon.
             The game lasted 00:36:05 (9833 turns).

Ruokin the Carver (Human Berserker)                 Turns: 9833, Time: 00:36:08

Health: -7/80      AC: 13    Str: 25    XL:     10   Next: 62%
Magic:  10/10      EV: 10    Int:  8    God:    Trog [****..]
Gold:   500        SH:  0    Dex: 13    Spells: 9/9 levels left

rFire    . . .     SeeInvis .   v - +0 long sword
rCold    . . .     Gourm    .   (no shield)
rNeg     . . .     Faith    .   u - +0 chain mail
rPois    .         Spirit   .   (no helmet)
rElec    .         Reflect  .   b - +0 cloak
rCorr    .         Harm     .   (no gloves)
MR       .....                  t - +1 pair of boots
Stlth    ..........             (no amulet)
HPRegen  0.23/turn              z - +3 ring of strength
MPRegen  0.12/turn              m - +2 ring of strength

@: berserk cooldown, slowed, very slow
A: no striking features
a: Berserk, Trog's Hand, Brothers in Arms, Renounce Religion


You were on level 8 of the Dungeon.
You worshipped Trog.
Trog was greatly pleased with you.
You were not hungry.

You visited 1 branch of the dungeon, and saw 8 of its levels.
You also visited: Ossuary.

You collected 500 gold pieces.

Inventory:

Hand Weapons
 a - a +0 falchion
 v - a +0 long sword (weapon)
Armour
 b - a +0 cloak (worn)
 t - a +1 pair of boots (worn)
 u - a +0 chain mail (worn)
Jewellery
 m - a +2 ring of strength (right hand)
 z - a +3 ring of strength (left hand)
Wands
 i - a wand of polymorph (6)
 w - a wand of acid (8)
Scrolls
 d - a scroll of enchant armour
 e - 2 scrolls of fog
 k - 4 scrolls of remove curse
 q - 5 scrolls of identify
 r - 6 scrolls of teleportation
 y - 3 scrolls of enchant weapon {unknown}
 B - a scroll of holy word {unknown}
 C - a scroll of fear
 D - a scroll of blinking {unknown}
Potions
 f - 2 potions of haste
 g - 3 potions of ambrosia
 h - a potion of cancellation
 j - 2 potions of resistance {unknown}
 l - a potion of mutation {unknown}
 n - 4 potions of berserk rage {unknown}
 o - 2 potions of agility {unknown}
 p - 6 potions of curing {unknown}
 s - a potion of might
 x - 4 potions of brilliance {unknown}
 A - a potion of lignification
Comestibles
 c - 9 rations


   Skills:
 * Level 7.6 Fighting
 * Level 11.3 Long Blades
 + Level 6.3 Armour
 + Level 3.8 Dodging
 - Level 0.3 Stealth


You had 9 spell levels left.
You didn't know any spells.
Your spell library was empty.

Dungeon Overview and Level Annotations

Branches:
Dungeon (8/15)             Temple (0/1) D:7         Ossuary (visited)
   Lair: D:8-11

Altars:
Elyvilon
Gozag
Kikubaaqudgha
Okawaru
Yredelemnul
Zin

Shops:
D:4 *   D:5 =(*   D:6 !

Annotations:
D:8 Emblim88's ghost, novice TrMo


Message History

Emblim88's ghost hits you!!
* * * LOW HITPOINT WARNING * * *
Your ogre hits the centaur warrior with a +0 giant spiked club!!!
The centaur warrior dies!
Trog accepts your kill. Emblim88's ghost hits you.
* * * LOW HITPOINT WARNING * * *
You feel a strong urge to attack something.
You are no longer berserk.
You are exhausted.
You feel yourself slow down.
Your ogre closely misses the two-headed ogre.
Your ogre barely misses the two-headed ogre.
You hit Emblim88's ghost but do no damage.
Emblim88's ghost is almost destroyed.
Your ogre hits the orc with a +0 giant spiked club!!
The orc dies!
Trog accepts your kill. Emblim88's ghost hits you!!
You die...

....##...##......#...............
..........##.....................
#.........####..............#....
.....#....####.....#........###.#
.....#.....##......#........##...
.....##....#....#................
.#.#............##...............
.#......<..........#.............
.#.........#####@................
..........##∩8.##WO..............
.#........#.....#.............>..
#.........#8....'$...........##..
##........#∩.8_.)O...##.#.....##.
..........#8....'...#.#.###...##.
..#.......#.....#.........#..##..
..#......###∩8∩##................
.##.....##.#####.......<.........


You could see a two-headed ogre, Emblim88's ghost and a friendly ogre (berserk).

Vanquished Creatures
  2 hippogriffs
  A spriggan (D:7)
  A hungry ghost (D:7)
  Duvessa (D:7)
  2 ice beasts
  5 ogres
  2 phantoms
  3 black bears
  3 centaurs
  3 bullfrogs
  Dowan (D:7)
  4 water moccasin zombies (Ossuary)
  A water moccasin skeleton (D:7)
  3 wights (D:7)
  6 howler monkeys
  A bullfrog zombie (D:5)
  2 crimson imps
  5 hounds
  2 jellies
  A centaur skeleton (D:8)
  An orc priest (D:4)
  5 orc wizards
  2 iguanas
  A bullfrog skeleton (D:8)
  5 worker ants
  A killer bee zombie (D:8)
  3 big kobold zombies (Ossuary)
  2 hound zombies
  A hound skeleton (D:8)
  3 mummies
  A gnoll (D:1)
  A howler monkey zombie (D:8)
  9 adders
  A shadow imp (D:8)
  2 oozes (D:2)
  4 adder zombies (Ossuary)
  2 adder skeletons
  7 worms
  3 dart slugs
  3 leopard geckos
  20 orcs
  6 giant cockroaches
  12 goblins
  7 hobgoblins
  5 jackals (D:4)
  2 quokkas
  A ball python (D:5)
  A ball python skeleton (D:4)
  10 bats
  2 frilled lizards
  7 hobgoblin zombies
  A jackal skeleton (D:4)
  12 kobolds
  8 kobold zombies (Ossuary)
  6 orc zombies
  5 rats
211 creatures vanquished.

Vanquished Creatures (collateral kills)
  A centaur warrior (D:8)
  An orc (D:8)
2 creatures vanquished.

Grand Total: 213 creatures vanquished

Notes
Turn   | Place    | Note
-------+----------+-------------------------------------------
     0 | D:1      | Ruokin the Human Berserker began the quest for the Orb.
     0 | D:1      | Reached XP level 1. HP: 18/18 MP: 1/1
    34 | D:1      | Reached XP level 2. HP: 22/24 MP: 2/2
   381 | D:1      | Reached XP level 3. HP: 29/29 MP: 3/3
   721 | D:1      | Reached ** piety under Trog
   855 | D:1      | You fall into a shaft and drop 1 floor!
   855 | D:2      | Found a faded altar of an unknown god.
  1012 | D:2      | Reached XP level 4. HP: 36/36 MP: 4/4
  1054 | D:2      | Reached skill level 4 in Long Blades
  1721 | D:3      | Reached XP level 5. HP: 41/42 MP: 5/5
  2583 | D:3      | Noticed an ogre
  2587 | D:3      | Reached *** piety under Trog
  2600 | D:3      | Killed an ogre
  2600 | D:3      | Reached skill level 5 in Long Blades
  2600 | D:3      | Reached XP level 6. HP: 35/48 MP: 6/6
  3023 | D:4      | Noticed an ogre
  3030 | D:4      | Killed an ogre
  3036 | D:4      | Reached skill level 6 in Long Blades
  3036 | D:4      | Reached XP level 7. HP: 54/54 MP: 7/7
  3052 | D:4      | Found an iron altar of Okawaru.
  4013 | D:4      | Reached skill level 7 in Long Blades
  4013 | D:4      | Reached XP level 8. HP: 19/61 MP: 8/8
  4337 | D:4      | Found an opulent altar of Gozag.
  4341 | D:4      | Found Gozag's Platinum Reserve.
  4411 | D:5      | Entered Level 5 of the Dungeon
  4519 | D:5      | Found Atun's Antique Weapon Shoppe.
  4910 | D:5      | Found Fotakkeu's General Store.
  5008 | D:5      | Found a sand-covered staircase.
  5025 | Ossuary  | Entered an ossuary
  5233 | Ossuary  | Reached skill level 5 in Fighting
  5354 | Ossuary  | Reached **** piety under Trog
  5512 | Ossuary  | Reached skill level 8 in Long Blades
  5863 | D:5      | Found Yxueg's Jewellery Shoppe.
  6298 | D:6      | Found Rywischoch's Distillery.
  6363 | D:6      | Reached XP level 9. HP: 68/68 MP: 9/9
  7138 | D:7      | Reached skill level 9 in Long Blades
  7142 | D:7      | Noticed a hippogriff
  7166 | D:7      | Killed a hippogriff
  7518 | D:7      | Reached skill level 5 in Armour
  7937 | D:7      | Reached skill level 10 in Long Blades
  8256 | D:7      | Noticed Duvessa
  8256 | D:7      | Noticed Dowan
  8277 | D:7      | Killed Duvessa
  8277 | D:7      | Reached XP level 10. HP: 74/77 MP: 10/10
  8301 | D:7      | Killed Dowan
  9146 | D:7      | Found a staircase to the Ecumenical Temple.
  9383 | D:8      | Reached skill level 11 in Long Blades
  9392 | D:8      | Reached ***** piety under Trog
  9531 | D:8      | Found a white marble altar of Elyvilon.
  9531 | D:8      | Found a basalt altar of Yredelemnul.
  9602 | D:8      | Found a runed translucent gate.
  9602 | D:8      | Found a runed translucent gate.
  9602 | D:8      | Found a runed translucent gate.
  9603 | D:8      | Found an opulent altar of Gozag.
  9603 | D:8      | Noticed a two-headed ogre
  9615 | D:8      | Noticed a centaur warrior
  9615 | D:8      | Noticed Emblim88's ghost (novice TrMo)
  9709 | D:8      | Found a glowing silver altar of Zin.
  9722 | D:8      | Found an ancient bone altar of Kikubaaqudgha.
  9830 | D:8      | Killed a centaur warrior
  9833 | D:8      | Mangled by Emblim88's ghost

Skill      XL: |  1  2  3  4  5  6  7  8  9 10 |
---------------+-------------------------------+-----
Long Blades    | 4 5 6 7 8 10 11 | 11.3
Fighting       | 4 5 6 7 |  7.6
Armour         | 3 4 5 6 |  6.3
Dodging        | 3 |  3.8
Stealth        | |  0.3

Action                   |  1- 3 |  4- 6 |  7- 9 | 10-12 || total
-------------------------+-------+-------+-------+-------++-------
Melee: Falchion          |    90 |   247 |   392 |       ||   729
       Long sword        |       |       |   163 |   170 ||   333
Invok: Berserk           |     1 |     3 |     6 |     3 ||    13
       Trog's Hand       |       |     1 |     3 |       ||     4
       Brothers in Arms  |       |       |       |     1 ||     1
  Use: Scroll            |       |     2 |    10 |       ||    12
       Potion            |       |       |     2 |       ||     2
  Eat: Ration            |     1 |     1 |     8 |     2 ||    12
       Chunk             |     1 |     2 |     1 |       ||     4
Armor: Animal skin       |    31 |       |       |       ||    31
       Ring mail         |     2 |    93 |    51 |       ||   146
       Chain mail        |       |       |   196 |   118 ||   314
Dodge: Dodged            |    79 |   152 |   242 |    91 ||   564
       Rpst.: Falchion   |    22 |    38 |    40 |       ||   100
       Long sword        |       |       |    25 |    26 ||    51
